 Dungeon Crawl Stone Soup version 0.28.0-53-g5a82cb258f (webtiles) character file.

Game seed: 18274009427870902850

2938 MisterFreud the Nimble (level 9, -6/61 HPs)
             Began as a Felid Berserker on Aug 4, 2022.
             Was a Priest of Trog.
             Mangled by Harold
             ... wielding a +0 dire flail
              (10 damage)
             ... on level 11 of the Dungeon.
             The game lasted 00:11:25 (12154 turns).

MisterFreud the Nimble (Felid Berserker)           Turns: 12154, Time: 00:11:26

Health: -6/61      AC:  2    Str: 13    XL:     9   Next: 51%
Magic:  10/10      EV: 30    Int:  8    God:    Trog [***...]
Gold:   255        SH:  0    Dex: 21    Spells: 8/8 levels left
                                        Lives:  0   Deaths: 3

rFire   . . .      SeeInvis +     - Unarmed
rCold   . . .      Faith    +   (shield unavailable)
rNeg    . . .      Spirit   .   (armour unavailable)
rPois   .          Reflect  .   (helmet unavailable)
rElec   .          Harm     .   (cloak unavailable)
rCorr   .          Rampage  .   (gloves unavailable)
Will    +....                   (boots unavailable)
Stlth   ..........              g - amulet of faith
HPRegen 0.20/turn               (no ring)
MPRegen 0.12/turn               (no ring)

@: berserking, very quick
A: very small, claws 1, fangs 3, see invisible, speed 1, shaggy fur 2, stealthy
paws, no weapons or thrown items, no armour, multi-lived
a: Renounce Religion, Berserk, Trog's Hand


You were on level 11 of the Dungeon.
You worshipped Trog.
Trog was most pleased with you.
You visited 1 branch of the dungeon, and saw 11 of its levels.

You collected 465 gold pieces.
You spent 210 gold pieces at shops.

Inventory:

Jewellery
 g - an amulet of faith (around neck)
Wands
 e - a wand of flame (17)
 k - a wand of polymorph (9)
 l - a wand of digging (5)
 p - a wand of charming (6)
Scrolls
 i - 3 scrolls of blinking
 o - 3 scrolls of teleportation
Potions
 a - 2 potions of brilliance
 b - 4 potions of heal wounds
 c - 4 potions of berserk rage
 d - 7 potions of curing
 f - 5 potions of invisibility
 h - 2 potions of attraction
 j - 2 potions of flight
 m - 3 potions of cancellation
 q - 4 potions of lignification
 r - a potion of mutation {unknown}
 s - 4 potions of might
 t - a potion of haste {unknown}


   Skills:
 - Level 6.0 Fighting
 + Level 14.0 Dodging
 - Level 10.0 Stealth
 - Level 10.0 Unarmed Combat
 - Level 5.0 Evocations


You had 8 spell levels left.
You didn't know any spells.
Your spell library was empty.

Dungeon Overview and Level Annotations

Branches:
Dungeon (11/15)            Temple (0/1) D:6            Lair (0/6) D:9
    Orc (0/2) D:9

Altars:
Gozag
Hepliaklqana
Kikubaaqudgha
Wu Jian
Xom

Shops:
D:7 !   D:9 (

Annotations:
D:11 Harold


Innate Abilities, Weirdness & Mutations

You have sharp claws.
You have razor-sharp teeth.
You have supernaturally acute eyesight. (SInv)
You cover ground quickly. (Speed+)
You are covered in thick fur. (AC +2)
Your paws help you pounce on unaware monsters.
You are incapable of wielding weapons or throwing items.
You cannot wear armour.
You gain extra lives every three experience levels.


Message History

Your polar bear claws Harold but does no damage.
You feel much better.
Grum hits you from afar with a -2 spear!
The killer bee stings your polar bear.
Your polar bear is poisoned.
The killer bee poisons your polar bear!
You scratch Harold.
Harold is lightly wounded.
The killer bee stings your polar bear but does no damage.
Your polar bear bites the killer bee!!
The killer bee dies!
Trog accepts your kill. Harold completely misses you. Grum misses you.
A red film seems to cover your vision as you go berserk!
You feel yourself moving faster!
You feel mighty!
Your polar bear barely misses Grum.
Your polar bear claws Grum. x2
Harold pauses a moment, imagining something with a smile on his face.
Harold barely misses you. Grum completely misses you.
Your polar bear bites Grum!
Your polar bear claws Grum but does no damage.
Your polar bear barely misses Grum.
Unknown command.
You claw Harold!
Harold is moderately wounded.
Your polar bear bites Grum!
Grum dies!
Trog accepts your kill. Harold hits you with a +0 dire flail!!
* * * LOW HITPOINT WARNING * * *
Training target 10.0 for Unarmed Combat reached!
Your Dodging skill increases to level 14!
Your Unarmed Combat skill increases to level 10!
You mangle Harold!! You bite Harold.
Harold is severely wounded.
Your polar bear closely misses Harold.
Your polar bear claws Harold but does no damage. x2
You scratch Harold. You bite Harold!
Harold is almost dead.
Harold hits you with a +0 dire flail!
You die...

##....##.###........>...
#... ####...y#...$....
#... #...@.......... #..
##...##(.......
.....######..#..#....#.
#.........#.###.....
######..##.......###
.#########.[....####..#
.......@@h.####.# ...
##..#####)<# #.# ##.
#...#.....# #.###.......
#. ....### . #....# ..
#..... .. .#### .#


You could see Harold (ally target) and a friendly polar bear (summoned, berserk,
very poisoned).

Vanquished Creatures
  A two-headed ogre (D:9)
  A wizard (D:10)
  A deep elf zephyrmancer (D:10)
  An ugly thing (D:9)
  A komodo dragon (D:9)
  A troll (D:6)
  Grinder (D:3)
  Sigmund (D:3)
  3 yaks (D:7)
  A wraith (D:10)
  A steam dragon (D:8)
  An acid dragon (D:10)
  2 water moccasins
  5 orc warriors
  A black bear (D:4)
  An ice beast (D:6)
  A sky beast (D:8)
  2 necrophages
  4 ogres
  3 centaurs
  2 bullfrogs
  A kobold brigand (D:6)
  2 gnoll sergeants
  A water moccasin zombie (D:5)
  A water moccasin skeleton (D:5)
  15 killer bees
  14 wights
  2 centaur zombies
  2 hounds
  2 jellies
  6 orc priests
  2 centaur skeletons (D:5)
  Ijyb (D:3)
  Terence (D:3)
  3 iguanas
  5 orc wizards
  2 hound skeletons (D:4)
  6 adders
  7 gnolls
  An ufetubus (D:4)
  A worm (D:3)
  A dart slug (D:5)
  25 orcs
  5 ball pythons
  5 endoplasms
  2 giant cockroaches (D:4)
  5 goblins
  3 hobgoblins
  5 quokkas
  4 bats
  3 frilled lizards (D:1)
  18 kobolds
  2 rats
188 creatures vanquished.

Vanquished Creatures (collateral kills)
  Grum (D:11)
  A killer bee (D:11)
2 creatures vanquished.

Vanquished Creatures (others)
  7 plants (D:9)
7 creatures vanquished.

Grand Total: 197 creatures vanquished

Notes
Turn   | Place    | Note
-------+----------+-------------------------------------------
     0 | D:1      | MisterFreud the Felid Berserker began the quest for the
                  | Orb.
     0 | D:1      | Reached XP level 1. HP: 10/10 MP: 2/2
   197 | D:1      | Reached skill level 1 in Stealth
   493 | D:1      | Reached XP level 2. HP: 14/14 MP: 3/3
   826 | D:1      | Found a faded altar of an unknown god.
   828 | D:1      | Noticed a shining eye
   828 | D:1      | Noticed a shining eye
   836 | D:1      | Noticed a great orb of eyes
   839 | D:1      | Noticed a floating eye
   895 | D:1      | Reached ** piety under Trog
  1412 | D:2      | Reached XP level 3. HP: 11/17 MP: 4/4
  2614 | D:3      | Noticed Sigmund
  2631 | D:3      | Killed Sigmund
  2632 | D:3      | Reached skill level 5 in Stealth
  2632 | D:3      | Reached skill level 5 in Unarmed Combat
  2632 | D:3      | Reached XP level 4. HP: 21/21 MP: 5/5
  2632 | D:3      | Reached XP level 5. HP: 24/24 MP: 6/6
  3063 | D:3      | Noticed Grinder
  3063 | D:3      | Noticed a centaur
  3072 | D:3      | Killed a centaur
  3073 | D:3      | Gained mutation: You are covered in thick fur. (AC +2)
                  | [Felid growth]
  3073 | D:3      | Reached XP level 6. HP: 26/28 MP: 7/7
  3111 | D:3      | Killed Grinder
  3112 | D:3      | Reached skill level 5 in Dodging
  3278 | D:3      | Noticed Terence
  3285 | D:3      | Killed Terence
  3286 | D:3      | Reached XP level 7. HP: 31/31 MP: 8/8
  3304 | D:3      | Noticed Ijyb
  3311 | D:3      | Killed Ijyb
  3409 | D:3      | Reached skill level 6 in Dodging
  3600 | D:4      | Reached skill level 7 in Dodging
  3786 | D:4      | Identified the +5 falchion "Kuattym" {flame, rPois Str+5}
  3987 | D:4      | Reached skill level 8 in Dodging
  4577 | D:4      | Reached skill level 9 in Dodging
  4577 | D:4      | Reached XP level 8. HP: 34/34 MP: 9/9
  4748 | D:5      | Entered Level 5 of the Dungeon
  4945 | D:5      | Reached skill level 10 in Dodging
  5750 | D:6      | Reached skill level 5 in Fighting
  5764 | D:6      | Noticed a troll
  5772 | D:6      | Killed a troll
  6048 | D:6      | Reached skill level 1 in Evocations
  6401 | D:6      | Reached XP level 9. HP: 35/41 MP: 10/10
  6488 | D:6      | Found a staircase to the Ecumenical Temple.
  6504 | D:6      | Reached *** piety under Trog
  6507 | D:6      | Found a hazy altar of Hepliaklqana.
  6764 | D:7      | Found Veleeb's Distillery.
  6862 | D:7      | Bought a potion of heal wounds for 75 gold pieces
  6862 | D:7      | Bought a potion of curing for 45 gold pieces
  6862 | D:7      | Bought a potion of lignification for 45 gold pieces
  6862 | D:7      | Bought a potion of flight for 45 gold pieces
  6875 | D:7      | Found an opulent altar of Gozag.
  6875 | D:7      | Found an ancient bone altar of Kikubaaqudgha.
  7082 | D:7      | Reached skill level 11 in Dodging
  7225 | D:7      | Found a shimmering altar of Xom.
  7700 | D:7      | Found an ornate altar of the Wu Jian Council.
  8070 | D:7      | Succumbed to a gnoll sergeant's poison
  8071 | D:7      | Reached XP level 8. HP: -1/38 MP: 9/9
  8533 | D:8      | Reached XP level 9. HP: 23/41 MP: 10/10
  8545 | D:8      | HP: 1/41 [centaur (4)]
  8546 | D:8      | Slain by a centaur
  8547 | D:8      | Reached XP level 8. HP: 0/38 MP: 9/9
  8976 | D:8      | Reached skill level 5 in Evocations
  9730 | D:9      | Found Ylumauq's Antique Weapon Shoppe.
 10063 | D:9      | Found a staircase to the Orcish Mines.
 10193 | D:9      | Reached skill level 12 in Dodging
 10450 | D:9      | Noticed a two-headed ogre
 10458 | D:9      | Killed a two-headed ogre
 10459 | D:9      | Reached skill level 10 in Stealth
 10459 | D:9      | Reached XP level 9. HP: 41/41 MP: 10/10
 10683 | D:9      | Noticed a white ugly thing
 10696 | D:9      | Killed a white ugly thing
 10718 | D:9      | Reached **** piety under Trog
 10873 | D:9      | Found a staircase to the Lair.
 10874 | D:9      | Noticed a komodo dragon
 10911 | D:9      | Killed a komodo dragon
 11091 | D:10     | Entered Level 10 of the Dungeon
 11176 | D:10     | Noticed a wizard
 11178 | D:10     | Noticed a deep elf zephyrmancer
 11182 | D:10     | Killed a wizard
 11183 | D:10     | Reached skill level 13 in Dodging
 11198 | D:10     | Noticed a wizard
 11200 | D:10     | Noticed a deep elf zephyrmancer
 11207 | D:10     | Killed a deep elf zephyrmancer
 11208 | D:10     | Reached XP level 10. HP: 45/45 MP: 11/11
 12078 | D:11     | Noticed Grum
 12082 | D:11     | Noticed Harold
 12098 | D:10     | HP: 2/45 [wolf[Grum] (2)]
 12099 | D:10     | Slain by a killer bee
 12100 | D:10     | Reached XP level 9. HP: -1/61 MP: 10/10
 12123 | D:11     | Noticed a manticore
 12152 | D:11     | Killed Grum
 12153 | D:11     | Reached skill level 14 in Dodging
 12153 | D:11     | Reached skill level 10 in Unarmed Combat
 12154 | D:11     | Mangled by Harold

Illustrated notes

Levels and vault maps discovered:
D:1:      kennysheep_arrival_seaside, layout_basic,
          hellmonk_ecumenical_altar_watching_god
D:2:      layout_basic
D:3:      layout_loops_cross, uniq_sigmund, uniq_grinder, uniq_terence,
          uniq_ijyb
D:4:      layout_basic, minmay_misc_feat_plants
D:5:      layout_loops_cross
D:6:      layout_rooms, mainiacjoe_overflow_alcove_4,
          minmay_temple_entry_statues_pillars
D:7:      layout_basic, old_standard_altar, mainiacjoe_overflow_catch_the_wave,
          nicolae_wu_jian_glorious_leap, serial_shops, nicolae_shop_trees,
          minmay_misc_feat_secret_circle, kennysheep_pointless_box
D:8:      layout_layer_cave, hangedman_decor_lopped
D:9:      layout_rooms, david_lair_shrubbed, david_orc_2, serial_shops, shop,
          minmay_fractal_squares_gapless_5
D:10:     layout_loops_ring, bh_hangedman_babel_library
D:11:     layout_rooms, gammafunk_ghost_necromancy, special_room
          [special_room_orc], nicolae_straight_to_the_point, uniq_harold,
          uniq_grum, uniq_erolcha

Skill      XL: |  1  2  3  4  5  6  7  8  9 |
---------------+----------------------------+-----
Stealth        | 1 2 5 6 10 8 | 10.0
Unarmed Combat | 5 6 8 10 | 10.0
Dodging        | 5 9 12 14 | 14.0
Fighting       | 6 |  6.0
Evocations     | 5 4 |  5.0

Action                   |  1- 3 |  4- 6 |  7- 9 | 10-12 || total
-------------------------+-------+-------+-------+-------++-------
Melee: Unarmed           |    72 |    35 |   503 |    45 ||   655
       Bite              |     4 |     3 |    52 |     6 ||    65
       Punch             |     1 |       |    20 |     4 ||    25
Invok: Berserk           |     2 |     2 |    20 |     1 ||    25
       Trog's Hand       |       |       |     4 |     1 ||     5
       Brothers in Arms  |       |       |     1 |       ||     1
  Use: Scroll            |     4 |       |    11 |     3 ||    18
       Potion            |       |       |     1 |       ||     1
 Stab: Sleeping          |     5 |     6 |    17 |     2 ||    30
       Distracted        |       |       |     2 |     1 ||     3
Armor: Skin              |     2 |     2 |    17 |     2 ||    23
Dodge: Dodged            |    53 |    12 |   471 |    65 ||   601
